 Dungeon Crawl Stone Soup version 0.30-a0-743-gbfdf073431 (webtiles) character file.

Game seed: 13179175668005268023

167 Lavandula the Cudgeller (level 5, 0/41 HPs)
             Began as a Human Monk on Feb 6, 2023.
             Slain by a river rat (3 damage)
             ... in a sewer.
             The game lasted 00:03:41 (1753 turns).

Lavandula the Cudgeller (Human Monk)                Turns: 1753, Time: 00:03:42

Health: 0/41       AC:  5    Str: 14    XL:     5   Next: 76%
Magic:  5/5        EV: 11    Int: 10    God:
Gold:   122        SH:  0    Dex: 15    Spells: 4/4 levels left

rFire   . . .      SeeInvis .    a - +0 mace
rCold   . . .      Faith    .    (no shield)
rNeg    . . .      Spirit   .    d - +0 ring mail
rPois   .          Reflect  .    (no helmet)
rElec   .          Harm     .    (no cloak)
rCorr   .          Rampage  .    (no gloves)
Will    .....                    (no boots)
Stlth   +                        (no amulet)
HPRegen 0.26/turn                (no ring)
MPRegen 0.09/turn                (no ring)

@: no status effects
A: no striking features
a: no special abilities


You were in a sewer.
You visited 1 branch of the dungeon, and saw 3 of its levels.
You also visited: Sewer.

You collected 122 gold pieces.

Inventory:

Hand Weapons
 a - a +0 mace (weapon)
Missiles
 q - 12 poisoned darts (quivered)
Armour
 b - a +0 robe
 d - a +0 ring mail (worn)
Jewellery
 o - a ring of see invisible
Scrolls
 f - a scroll of vulnerability {unknown}
 g - 2 scrolls of identify {unknown}
 i - a scroll of immolation {unknown}
 k - a scroll of amnesia {unknown}
 r - a scroll of teleportation {unknown}
Potions
 e - a potion of cancellation {unknown}
 h - 2 potions of heal wounds {unknown}
 j - a potion of attraction
 l - a potion of berserk rage {unknown}
 m - a potion of degeneration {unknown}
 n - a potion of might {unknown}
 s - a potion of resistance {unknown}


   Skills:
 - Level 3.0 Fighting
 + Level 6.0 Maces & Flails
 - Level 3.0 Dodging
 - Level 2.0 Stealth


You had 4 spell levels left.
You didn't know any spells.
Your spell library contained the following spells:

 Spells                   Type           Power      Damage    Failure   Level
 Static Discharge         Conj/Air       0%         2-2/arc   75%         2
 Vhi's Electric Charge    Tloc/Air       0%         N/A       93%         3
 Arcjolt                  Conj/Air       0%         1d10      100%        5
 Lightning Bolt           Conj/Air       0%         1d11      100%        5


Dungeon Overview and Level Annotations

Branches:
Dungeon (3/15)              Sewer (1/1)

Altars:


Message History

The river rat misses you.
You closely miss the river rat.
The river rat is severely wounded.
The river rat barely misses you.
You hit the river rat but do no damage.
The river rat is severely wounded.
The river rat bites you but does no damage.
You closely miss the river rat.
The river rat is severely wounded.
The river rat bites you.
* * * LOW HITPOINT WARNING * * *
You hit the river rat but do no damage.
The river rat is severely wounded.
The river rat closely misses you.
The river rat bites you but does no damage.
You closely miss the river rat.
The river rat is severely wounded.
The river rat barely misses you.
You hit the river rat.
You kill the river rat!
Your Maces & Flails skill increases to level 6!
You barely miss the rat. The rat bites you.
* * * LOW HITPOINT WARNING * * *
You hit the rat.
You kill the rat!
You hit the river rat.
The river rat is lightly wounded.
The river rat closely misses you.
You hit the river rat but do no damage.
The river rat is lightly wounded.
The river rat bites you.
* * * LOW HITPOINT WARNING * * *
You hit the river rat but do no damage.
The river rat is lightly wounded.
The river rat bites you.
* * * LOW HITPOINT WARNING * * *
You hit the river rat.
The river rat is severely wounded.
The river rat bites you.
You die...

##.....~~≈≈≈≈~...
#......~≈≈≈≈≈....
#......~≈≈≈≈≈....
#......~≈~≈≈r~...
##.......≈≈≈≈~.#
#.......≈≈≈..#
##÷....~~~~..##
####.......≈≈...#
#@###.....~≈~.....
#r###r.....≈≈~....
#..#.......≈~.....
##.†......~~≈~....
##.......~≈≈.....
##.......~≈~....
#.....~≈≈≈.....
.....~≈≈≈≈.
#.....~≈≈≈≈


You could see a river rat.

Vanquished Creatures
  A kobold brigand (Sewer)
  2 adders
  2 river rats
  A dart slug (D:2)
  4 ball pythons
  4 endoplasms
  2 giant cockroaches
  3 goblins
  10 hobgoblins
  2 jackals (D:1)
  9 kobolds
  3 quokkas
  2 bats
  3 frilled lizards
  11 rats
59 creatures vanquished.

Notes
Turn   | Place    | Note
-------+----------+-------------------------------------------
     0 | D:1      | Lavandula the Human Monk began the quest for the Orb.
     0 | D:1      | Reached XP level 1. HP: 18/18 MP: 1/1
   130 | D:1      | Reached XP level 2. HP: 23/24 MP: 2/2
   464 | D:1      | Reached skill level 4 in Maces & Flails
   464 | D:1      | Reached XP level 3. HP: 23/29 MP: 3/3
  1270 | D:2      | Reached XP level 4. HP: 35/35 MP: 4/4
  1415 | D:3      | Found a glowing drain.
  1424 | D:3      | Reached skill level 5 in Maces & Flails
  1446 | Sewer    | Entered a sewer
  1511 | Sewer    | Noticed a kobold brigand
  1542 | Sewer    | Killed a kobold brigand
  1543 | Sewer    | Reached XP level 5. HP: 7/41 MP: 5/5
  1547 | Sewer    | HP: 1/41 [kobold/+0 short sword (2)]
  1748 | Sewer    | Reached skill level 6 in Maces & Flails
  1752 | Sewer    | HP: 2/41 [river rat (2)]
  1753 | Sewer    | Slain by a river rat

Illustrated notes

Levels and vault maps discovered:
D:1:      heliophobic_arrival_battle_scene, layout_loops_ring
D:2:      layout_basic
D:3:      layout_basic, mainiacjoe_overflow_chevrons, portal_sewer_entry_c,
          nicolae_ecumenical_snake_handling
Sewer:    sewer_minmay_treatment

Skill      XL: |  1  2  3  4  5 |
---------------+----------------+-----
Maces & Flails | 4 5 6 |  6.0
Fighting       | |  3.0
Dodging        | |  3.0
Stealth        | |  2.0

Action                     |  1- 3 |  4- 6 || total
---------------------------+-------+-------++-------
  Melee: Mace              |   116 |    99 ||   215
    Use: Potion            |       |     4 ||     4
   Stab: Sleeping          |     3 |     1 ||     4
 Armour: Ring mail         |    36 |    37 ||    73
  Dodge: Dodged            |    68 |    87 ||   155

Table legend: (Time is in decaauts)
 A = Elapsed time spent in this place.
 B = Non-inter-level travel time spent in this place.
 C = Inter-level travel time spent in this place.
 D = Time resting spent in this place.
 E = Time spent auto-exploring this place.
 F = Levels seen in this place.
 G = Mean time per level.
                   A        B        C        D        E       F      G
               +--------+--------+--------+--------+--------+-----+--------+
         Total |   1791 |   1757 |     34 |    138 |   1033 |   4 |  447.8 |
       Dungeon |   1477 |   1443 |     34 |      0 |    969 |   3 |  492.3 |
         Sewer |    314 |    314 |      0 |    138 |     64 |   1 |  314.0 |
               +--------+--------+--------+--------+--------+-----+--------+

Top non-repeatable levels by time:
     D:1: 750 daAuts
     D:2: 558 daAuts
   Sewer: 314 daAuts
     D:3: 168 daAuts
